 Dungeon Crawl Stone Soup version 0.31.0-11-ge490571c62 (webtiles) character file.

Game seed: 9526079713128020668

20 night the Chiller (level 2, 0/15 (19) HPs)
             Began as a Demonspawn Ice Elementalist on Jan 27, 2024.
             Slain by a gnoll
             ... wielding a +0 flail of draining
              (1 damage)
             ... on level 2 of the Dungeon.
             The game lasted 00:02:21 (977 turns).

night the Chiller (Demonspawn Ice Elementalist)      Turns: 977, Time: 00:02:22

HP:   0/15 (19)     AC:  9    Str:  8    XL:     2   Next: 58%
MP:   3/5           EV: 12    Int: 15    God:
Gold: 26            SH:  0    Dex: 13    Spells: 5/6 levels left

rFire   . . .        h - +0 dagger
rCold   . . .        (no shield)
rNeg    . . .        a - +0 robe
rPois   .            (no helmet)
rElec   .            d - +0 cloak
rCorr   .            (no gloves)
SInv    .            (no boots)
Will    .....        (no amulet)
Stlth   ++           (no ring)
HPRegen 0.22/turn    (no ring)
MPRegen 0.09/turn

%: no passive effects
@: sanguine armoured, heavily drained
A: sanguine armour 1
a: no special abilities


You were on level 2 of the Dungeon.
You visited 1 branch of the dungeon, and saw 2 of its levels.

You collected 26 gold pieces.

Inventory:

Hand Weapons
 h - a +0 dagger (weapon)
Missiles
 c - 2 poisoned darts
 f - 7 stones
Armour
 a - a +0 robe (worn)
 d - a +0 cloak (worn)
Potions
 b - a potion of magic
 e - a potion of haste {unknown}
 g - 2 potions of enlightenment {unknown}
 i - a potion of resistance {unknown}
 j - a potion of ambrosia {unknown}


   Skills:
 - Level 1.7 Dodging
 - Level 1.7 Stealth
 + Level 2.5 Spellcasting
 + Level 4.0 Ice Magic


You had 5 spell levels left.
You knew the following spells:

 Your Spells              Type           Power      Damage    Failure   Level
a - Freeze                Ice            52%        1d6       4%          1

Your spell library contained the following spells:

 Spells                   Type           Power      Damage    Failure   Level
 Frozen Ramparts          Ice            26%        1d4       12%         3
 Ozocubu's Armour         Ice            13%        N/A       12%         3
 Summon Ice Beast         Ice/Summ       7%         N/A       28%         3
 Animate Armour           Summ/Erth      2%         N/A       91%         4
 Summon Lightning Spire   Summ/Air       1%         N/A       91%         4
 Lee's Rapid Deconstruct  Erth           0%         3d4*      99%         5


Dungeon Overview and Level Annotations

Branches:
Dungeon (2/15)

Altars:

Shops:
D:1 *


Innate Abilities, Weirdness & Mutations

When seriously injured, your blood forms armour. (AC +6)


Message History

Found a scroll labelled BAH OLALUOMP and a flail.
Things that are here:
a +0 club; a kobold corpse A gnoll comes into view.
It is wielding a +0 whip.
A gnoll comes into view. It is wielding a +0 flail of draining.
The gnoll shouts!
You hear a shout!
Casting: Freeze (safe; 4% risk of failure)
Confirm with . or Enter, or press ? or * to list all spells.
Aiming: Freeze (safe; 4% risk of failure)
Press: ? - help, Shift-Dir - straight line, f - gnoll
Aim: a gnoll, wielding a +0 flail of draining You freeze the gnoll.
The gnoll is moderately wounded.
The gnoll hits you but does no damage.
You feel drained.
You hit the gnoll.
The gnoll is moderately wounded.
The gnoll hits you but does no damage.
You feel drained.
You hit the gnoll but do no damage.
The gnoll is moderately wounded.
The gnoll closely misses you.
You hit the gnoll.
The gnoll is heavily wounded.
The gnoll hits you with a +0 flail of draining.
You feel drained.
Your blood congeals into armour.
You hit the gnoll.
The gnoll is severely wounded.
The gnoll hits you with a +0 flail of draining!
Ouch! That really hurt!
* * * LOW HITPOINT WARNING * * *
You feel drained.
* * * LOW HITPOINT WARNING * * *
Casting: Freeze (safe; 4% risk of failure)
Confirm with . or Enter, or press ? or * to list all spells.
Aiming: Freeze (safe; 4% risk of failure)
Press: ? - help, Shift-Dir - straight line, f/p - gnoll
Aim: a gnoll, wielding a +0 flail of draining (severely wounded)
You freeze the gnoll.
The gnoll is severely wounded.
The gnoll hits you with a +0 flail of draining.
You die...

# .# ####.#
#....# ....
##.######.#######
.....)gg@..?.....
#.######)######
#...#.........#
#.............#
#.............#
#......#'######
#......#.#
#......#.#
#####......#..


You could see 2 gnolls.

Vanquished Creatures
  A ball python (D:1)
  A bat (D:1)
  3 endoplasms
  A giant cockroach (D:1)
  2 goblins (D:1)
  2 jackals (D:1)
  A kobold (D:2)
  A quokka (D:1)
  A frilled lizard (D:1)
  4 rats
17 creatures vanquished.

Notes
Turn   | Place    | Note
-------+----------+-------------------------------------------
     0 | D:1      | night the Demonspawn Ice Elementalist began the quest for
                  | the Orb.
     0 | D:1      | Reached XP level 1. HP: 13/13 MP: 3/3
   336 | D:1      | Gained mutation: When seriously injured, your blood forms
                  | armour. (AC +6) [demonic ancestry]
   336 | D:1      | Reached XP level 2. HP: 19/19 MP: 3/5
   698 | D:1      | Found Urirozo's General Store.
   911 | D:2      | Reached skill level 4 in Ice Magic
   976 | D:2      | HP: 2/16 [gnoll/+0 flail of draining (8)]
   977 | D:2      | Slain by a gnoll

Illustrated notes

Levels and vault maps discovered:
D:1:      dpeg_arrival_round_b, layout_basic, serial_shops, shop,
          dk_noncrumbling_3, fountainhead, hangedman_decor_points
D:2:      kennysheep_big_flooded_room, layout_basic, uniq_jessica, uniq_sigmund,
          uniq_crazy_yiuf_cottage

Skill      XL: |  1  2 |
---------------+-------+-----
Ice Magic      | 4 |  4.0
Dodging        | |  1.7
Stealth        | |  1.7
Spellcasting   | |  2.5

Action                     || total
---------------------------++-------
  Melee: Dagger            ||     6
   Cast: Freeze            ||    29
 Armour: Robe              ||    14
  Dodge: Dodged            ||    11
